 Dungeon Crawl Stone Soup version 0.21.1-1-g345015f (webtiles) character file.

48 Fortress the Skirmisher (level 3, -2/36 HPs)
             Began as a Troll Fighter on June 13, 2018.
             Slain by Sigmund
             ... wielding a +4 scythe
              (4 damage)
             ... on level 2 of the Dungeon.
             The game lasted 00:09:17 (1020 turns).

Fortress the Skirmisher (Troll Fighter)             Turns: 1020, Time: 00:09:17

Health: -2/36      AC:  5    Str: 24    XL:     3   Next: 50%
Magic:  2/2        EV:  8    Int:  4    God:
Gold:   59         SH:  9    Dex: 10    Spells: 2/2 levels left

rFire    . . .     SeeInvis .   q - +2 whip (drain)
rCold    . . .     Gourm    +   c - +0 shield
rNeg     . . .     Faith    .   b - +0 robe
rPois    .         Spirit   .   (helmet restricted)
rElec    .         Reflect  .   (no cloak)
rCorr    .         Harm     .   (gloves unavailable)
MR       .....                  (boots unavailable)
Stlth    +.........             (no amulet)
HPRegen  0.52/turn              (no ring)
MPRegen  0.08/turn              (no ring)

@: no status effects
A: large, unfitting armour, claws 3, fast metabolism 3, gourmand, regeneration
1, shaggy fur 1, tough skin 2
a: no special abilities


You were on level 2 of the Dungeon.
You were not hungry.

You visited 1 branch of the dungeon, and saw 2 of its levels.

You collected 59 gold pieces.

Inventory:

Hand Weapons
 q - a +2 whip of draining (weapon)
Missiles
 a - 48 sling bullets
 l - 37 stones (quivered)
Armour
 b - a +0 robe (worn)
 c - a +0 shield (worn)
Scrolls
 g - 2 scrolls of identify {unknown}
 h - a scroll of enchant armour {unknown}
 i - 2 scrolls of teleportation {unknown}
 k - a scroll of fog {unknown}
 m - 3 scrolls of remove curse
Potions
 d - a potion of might
 e - a potion of brilliance {unknown}
 j - a potion of flight {unknown}
 n - a potion of ambrosia {unknown}
 o - a potion of invisibility {unknown}
Comestibles
 f - 5 rations


   Skills:
 + Level 2.8 Fighting
 + Level 2.4 Maces & Flails
 + Level 2.7 Dodging
 + Level 2.7 Shields


You had 2 spell levels left.
You didn't know any spells.

Dungeon Overview and Level Annotations

Branches:
Dungeon (2/15)

Altars:

Annotations:
D:2 Sigmund


Innate Abilities, Weirdness & Mutations

You are too large for most types of armour.
You have claws for hands.
Your metabolism is lightning-fast.
You like to eat raw meat.
Your natural rate of healing is unusually fast.
You are covered in fur. (AC +1)
You have very tough skin. (AC +2)


Message History

Something hits you. The kobold barely misses you.
You block the kobold's attack.
A bat comes into view.
You closely miss the kobold. You block the kobold's attack.
You whack the kobold!
You kill the kobold!
Something hits you! The bat hits you but does no damage.
You closely miss the bat. The bat hits you but does no damage.
A magic dart appears from out of thin air!
The magic dart hits you! You block the bat's attack.
Something hits you but does no damage.
You see here a whip.
You closely miss the bat. The bat barely misses you.
You block something's attack. You block the bat's attack.
You miss the bat. The bat hits you but does no damage. Something hits you!
* * * LOW HITPOINT WARNING * * *
You block the bat's attack. Something hits you.
You die...

##............#
............)#
#.#...#......#
###.#...#......#
$............... # #
#............#
#...#.###.#...........
......b.@{....(.......
#...#.###.#...........
. .. #.#...........
...#.###.#....#.#####
#.........<...........
#. #..................
. ...................
######......#.....#
#......#.###.#


You could see a bat.

Vanquished Creatures
  A gnoll (D:1)
  An adder (D:2)
  An ooze (D:1)
  A leopard gecko (D:1)
  A ball python (D:1)
  A bat (D:1)
  A giant cockroach (D:1)
  3 goblins (D:1)
  3 hobgoblins (D:1)
  A frilled lizard (D:1)
  5 kobolds
  3 rats (D:1)
22 creatures vanquished.

Notes
Turn   | Place    | Note
-------+----------+-------------------------------------------
     0 | D:1      | Fortress the Troll Fighter began the quest for the Orb.
     0 | D:1      | Reached XP level 1. HP: 22/22 MP: 0/0
   139 | D:1      | Reached XP level 2. HP: 29/29 MP: 1/1
   336 | D:2      | Reached XP level 3. HP: 33/36 MP: 2/2
   999 | D:2      | Noticed Sigmund
  1020 | D:2      | Slain by Sigmund

Skill      XL: |  1  2 |
---------------+-------+-----
Maces & Flails | 2 |  2.4
Fighting       | |  2.8
Dodging        | |  2.7
Shields        | |  2.7

Action                   || total
-------------------------++-------
Melee: Flail             ||    25
       Whip              ||    60
  Use: Scroll            ||     1
  Eat: Chunk             ||     5
       Ration            ||     1
Armor: Robe              ||    20
Dodge: Dodged            ||    32
Block: Shield            ||    47
